 Dungeon Crawl Stone Soup version 0.30-a0-51-g784eafce7f (webtiles) character file.

Game seed: 12238537043593031770

328 Murumi the Covert (level 6, -3/35 HPs)
             Began as a Vampire Brigand on Sept 6, 2022.
             Was an Initiate of Okawaru.
             Killed from afar by an orc wizard (8 damage)
             ... with a puff of flame
             ... on level 3 of the Dungeon.
             The game lasted 00:08:47 (2887 turns).

Murumi the Covert (Vampire Brigand)                 Turns: 2887, Time: 00:08:48

Health: -3/35      AC:  4    Str: 10    XL:     6   Next: 25%
Magic:  15/15      EV: 14    Int: 14    God:    Okawaru [......]
Gold:   107        SH:  0    Dex: 17    Spells: 5/5 levels left

rFire   . . .      SeeInvis +    h - +1 rapier (drain)
rCold   + + .      Faith    .    (no shield)
rNeg    + + +      Spirit   .    k - +0 robe {Will+}
rPois   ∞          Reflect  .    g - +0 helmet
rElec   .          Harm     .    c - +0 cloak
rCorr   .          Rampage  .    (no gloves)
Will    +....                    (no boots)
Stlth   ++++++....               (no amulet)
HPRegen 0.00/turn                l - ring of magical power
MPRegen 0.14/turn                (no ring)

@: bloodless, inhibited regen
A: bloodless, fangs 3, see invisible, vampiric 2
a: Bat Form, Revivify, Renounce Religion


You were on level 3 of the Dungeon.
You worshipped Okawaru.
Okawaru was noncommittal.
You visited 1 branch of the dungeon, and saw 3 of its levels.

You collected 107 gold pieces.

Inventory:

Hand Weapons
 a - a +2 dagger
 h - a +1 rapier of draining (weapon)
Missiles
 d - 16 poisoned darts (quivered)
 e - 3 curare-tipped darts
Armour
 c - a +0 cloak (worn)
 g - a +0 helmet (worn)
 k - a +0 robe of willpower (worn)
Jewellery
 l - a ring of magical power (left hand)
 o - a ring of ice
Potions
 b - a potion of degeneration {unknown}
 f - 3 potions of heal wounds
 i - a potion of resistance {unknown}
 j - 2 potions of ambrosia {unknown}
 m - a potion of flight {unknown}
 n - a potion of magic {unknown}
 p - 2 potions of curing {unknown}


   Skills:
 - Level 2.0 Fighting
 - Level 4.0 Short Blades
 - Level 2.0 Throwing
 - Level 1.0 Armour
 - Level 4.0 Dodging
 - Level 8.0 Stealth
 + Level 0.4 Invocations


You had 5 spell levels left.
You didn't know any spells.
Your spell library was empty.

Dungeon Overview and Level Annotations

Branches:
Dungeon (3/15)

Altars:
Okawaru
Vehumet
Wu Jian

Shops:
D:3 *


Innate Abilities, Weirdness & Mutations

You do not regenerate when monsters are visible.
You are frail without blood (-20% HP).
You can heal yourself when you bite living creatures.
You are immune to poison.
You have razor-sharp teeth.
You have supernaturally acute eyesight. (SInv)
You are afflicted with vampirism and can become a bat while bloodless.


Message History

Your Dodging skill increases to level 4!
You need to enable at least one skill for training.
You barely miss the orc wizard. You bite the orc wizard.
You draw the orc wizard's blood!
You feel better.
The orc wizard is heavily wounded.
The orc wizard hits you with a +2 dagger of protection.
You hit the orc wizard.
The orc wizard is heavily wounded.
The orc wizard completely misses you.
You hit the orc wizard but do no damage.
The orc wizard is heavily wounded.
The orc wizard closely misses you.
You closely miss the orc wizard.
The orc wizard is heavily wounded.
The orc wizard closely misses you.
You miss the orc wizard.
You bite the orc wizard, but do no damage.
The orc wizard is heavily wounded.
The orc wizard misses you.
You barely miss the orc wizard.
The orc wizard is heavily wounded.
The orc wizard closely misses you.
You closely miss the orc wizard.
The orc wizard is heavily wounded.
The orc wizard hits you with a +2 dagger of protection.
* * * LOW HITPOINT WARNING * * *
You closely miss the orc wizard.
The orc wizard is heavily wounded.
The orc wizard hits you but does no damage.
You closely miss the orc wizard. Your bite misses the orc wizard.
The orc wizard is heavily wounded.
The orc wizard hits you with a +2 dagger of protection.
* * * LOW HITPOINT WARNING * * *
Unknown command.
You hit the orc wizard but do no damage.
You drain the orc wizard. Your bite misses the orc wizard.
The orc wizard is heavily wounded.
The orc wizard gestures at you while chanting.
The puff of flame hits you!
You die...

####)# ..... .....####..
... ............ ..#
....############.#######
....'...................
....############.######
....# #.# ....# #.#
....# #@# ....# #o#
....# #o# ....# #o#
########## #g#
.)........ #.#
.......... #.#
##.######. #.#
#....###.#


You could see an orc wizard (very drained), 2 orcs and a goblin.

Vanquished Creatures
  Sigmund (D:2)
  Crazy Yiuf (D:2)
  2 orc wizards (D:3)
  An adder (D:3)
  A worm (D:2)
  5 orcs (D:3)
  4 bats
  2 endoplasms (D:1)
  5 giant cockroaches
  4 goblins
  4 hobgoblins
  6 jackals
  8 kobolds
  5 quokkas
  A ball python (D:2)
  6 rats
56 creatures vanquished.

Notes
Turn   | Place    | Note
-------+----------+-------------------------------------------
     0 | D:1      | Murumi the Vampire Brigand began the quest for the Orb.
     0 | D:1      | Reached XP level 1. HP: 16/16 MP: 1/1
    55 | D:1      | Reached skill level 6 in Stealth
   193 | D:1      | Reached XP level 2. HP: 17/17 MP: 2/2
   936 | D:2      | Identified a scroll of acquirement
   936 | D:2      | Acquired a +1 rapier of draining
  1271 | D:2      | Gained mutation: You are afflicted with vampirism and can
                  | become a bat while bloodless. [Vampire growth]
  1271 | D:2      | Reached XP level 3. HP: 21/21 MP: 3/3
  1349 | D:2      | Noticed Sigmund
  1354 | D:2      | Killed Sigmund
  1355 | D:2      | Reached skill level 7 in Stealth
  1355 | D:2      | Reached skill level 1 in Armour
  1355 | D:2      | Reached skill level 8 in Stealth
  1355 | D:2      | Reached XP level 4. HP: 26/26 MP: 4/4
  1355 | D:2      | Reached XP level 5. HP: 30/30 MP: 5/5
  1807 | D:2      | Found a runed translucent door.
  1808 | D:2      | Noticed Crazy Yiuf
  2015 | D:2      | Killed Crazy Yiuf
  2187 | D:3      | Found Suip's General Store.
  2395 | D:3      | Found an iron altar of Okawaru.
  2400 | D:3      | Became a worshipper of Warmaster Okawaru
  2542 | D:3      | Reached XP level 6. HP: 31/35 MP: 6/6
  2671 | D:3      | Found a radiant altar of Vehumet.
  2671 | D:3      | Found an ornate altar of the Wu Jian Council.
  2887 | D:3      | Killed from afar by an orc wizard

Illustrated notes

Levels and vault maps discovered:
D:1:      erik_arrival_blinker_ship, layout_basic
D:2:      layout_basic, minmay_tromino_v7, uniq_sigmund, uniq_crazy_yiuf_cottage
D:3:      layout_basic, nicolae_overflow_two_pavilions, okawaru_gym_becter,
          serial_shops, shop

Skill      XL: |  1  2  3  4  5  6 |
---------------+-------------------+-----
Stealth        | 6 8 |  8.0
Fighting       | 2 |  2.0
Throwing       | 2 |  2.0
Short Blades   | 3 4 |  4.0
Dodging        | 3 4 |  4.0
Armour         | 1 |  1.0
Invocations    | |  0.4

Action                   |  1- 3 |  4- 6 || total
-------------------------+-------+-------++-------
Melee: Dagger            |    38 |    56 ||    94
       Rapier            |     5 |    32 ||    37
       Bite              |     1 |    10 ||    11
       Punch             |       |     2 ||     2
 Abil: Exsanguinate      |     1 |       ||     1
  Use: Scroll            |     5 |     2 ||     7
 Stab: Sleeping          |    14 |    18 ||    32
Armor: Robe              |     4 |     9 ||    13
Dodge: Dodged            |    18 |    24 ||    42

Table legend: (Time is in decaauts)
 A = Elapsed time spent in this place.
 B = Non-inter-level travel time spent in this place.
 C = Inter-level travel time spent in this place.
 D = Time resting spent in this place.
 E = Time spent auto-exploring this place.
 F = Levels seen in this place.
 G = Mean time per level.
                   A        B        C        D        E       F      G
               +--------+--------+--------+--------+--------+-----+--------+
         Total |   2869 |   2649 |    220 |     16 |   2186 |   3 |  956.3 |
       Dungeon |   2869 |   2649 |    220 |     16 |   2186 |   3 |  956.3 |
               +--------+--------+--------+--------+--------+-----+--------+

Top non-repeatable levels by time:
     D:2: 1236 daAuts
     D:1: 903 daAuts
     D:3: 729 daAuts
